 Dungeon Crawl Stone Soup version 0.29.1-1-gd02db6906a (webtiles) character file.

Game seed: 8888927150132948067

8297 themostdcss the Eclecticist (level 11, -21/55 HPs)
             Began as a Deep Elf Air Elementalist on Oct 8, 2022.
             Was a Believer of Vehumet.
             Killed from afar by a fire dragon (41 damage)
             ... with a blast of flame
             ... on level 9 of the Dungeon.
             The game lasted 00:25:34 (13921 turns).

themostdcss the Eclecticist (DEAE)                 Turns: 13921, Time: 00:25:35

Health: -21/55     AC: 10    Str:  5    XL:     11   Next: 8%
Magic:  28/33      EV: 10    Int: 32    God:    Vehumet [**....]
Gold:   440        SH:  5    Dex: 15    Spells: 33/43 levels left

rFire   . . .      SeeInvis .   f - staff of conjuration
rCold   . . .      Faith    .   (no shield)
rNeg    . . .      Spirit   .   w - +1 ring mail "Zyoh" {rPois Int+7 Slay-2}
rPois   +          Reflect  +   D - +0 helmet
rElec   .          Harm     .   E - +1 cloak
rCorr   .          Rampage  .   d - +0 pair of gloves
Will    ++...                   (no boots)
Stlth   +.........              v - amulet of reflection
HPRegen 0.18/turn               b - ring of willpower
MPRegen 0.23/turn               (no ring)

@: about to teleport
A: no striking features
a: Renounce Religion


You were on level 9 of the Dungeon.
You worshipped Vehumet.
Vehumet was pleased with you.
You visited 2 branches of the dungeon, and saw 10 of its levels.

You collected 505 gold pieces.
You spent 65 gold pieces at shops.

Inventory:

Hand Weapons
 x - a +2 dagger of venom
Missiles
 j - a throwing net
Armour
 a - a +0 robe
 d - a +0 pair of gloves (worn)
 e - a +0 kite shield
 w - the +1 ring mail "Zyoh" (worn) {rPois Int+7 Slay-2}
   (You took it off a hobgoblin on level 4 of the Dungeon)

   Int:       It affects your intelligence (+7).
   Slay:      It affects your accuracy & damage with ranged weapons and melee
   (-2).
   rPois:     It protects you from poison.
 D - a +0 helmet (worn)
 E - a +1 cloak (worn)
Magical Staves
 f - a staff of conjuration (weapon)
Jewellery
 b - a ring of willpower (left hand)
 p - the amulet of Agenuqo {RegenMP +Blink rElec Int-4}
   (You found it on level 3 of the Dungeon)

   [amulet of magic regeneration]

   It increases your rate of magic regeneration.
   Int:       It affects your intelligence (-4).
   rElec:     It insulates you from electricity.
   +Blink:    It lets you blink.
 v - an amulet of reflection (around neck)
Wands
 u - a wand of flame (21)
 H - a wand of digging (7)
Scrolls
 h - a scroll of enchant armour {unknown}
 k - a scroll of acquirement {unknown}
 m - a scroll of brand weapon {unknown}
 s - 3 scrolls of noise
 y - a scroll of blinking {unknown}
 z - 2 scrolls of fog {unknown}
 A - a scroll of enchant weapon {unknown}
 B - 2 scrolls of immolation {unknown}
 C - a scroll of magic mapping {unknown}
 G - 2 scrolls of identify
Potions
 g - a potion of haste {unknown}
 i - 2 potions of flight
 l - 3 potions of lignification
 o - a potion of berserk rage {unknown}
 q - 2 potions of might
 r - 2 potions of degeneration {unknown}
 t - 3 potions of curing
 F - a potion of cancellation {unknown}


   Skills:
 - Level 0.7 Fighting
 + Level 4.2 Dodging
 - Level 2.4 Stealth
 + Level 16.6 Spellcasting
 - Level 6.0 Conjurations
 + Level 10.0 Air Magic


You had 33 spell levels left.
You knew the following spells:

 Your Spells              Type           Power      Damage    Failure   Level
a - Shock                 Conj/Air       100%       1d9       1%          1
b - Static Discharge      Conj/Air       87%        3-14/arc  1%          2
c - Airstrike             Air            37%        2d(6-22)  1%          4
d - Swiftness             Air            74%        N/A       1%          3

Your spell library contained the following spells:

 Spells                   Type           Power      Damage    Failure   Level
 Poisonous Vapours        Pois/Air       100%       N/A       1%          2
 Ozocubu's Armour         Ice            26%        N/A       22%         3
 Summon Guardian Golem    Hex/Summ       26%        N/A       22%         3
 Freezing Cloud           Conj/Ice/Air   37%        6-21      22%         5
 Metabolic Englaciation   Hex/Ice        13%        N/A       91%         5
 Orb of Destruction       Conj           39%        9d11      99%         7
 Simulacrum               Ice/Necr       13%        N/A       100%        6
 Spellforged Servitor     Conj/Summ      31%        N/A       100%        7
 Polar Vortex             Ice            13%        N/A       100%        9


Dungeon Overview and Level Annotations

Branches:
Dungeon (9/15)             Temple (1/1) D:6            Lair (0/5) D:8
    Orc: D:9-12

Altars:
Ashenzari
Cheibriados
Dithmenos
Elyvilon
Fedhas
Gozag
Hepliaklqana
Kikubaaqudgha
Makhleb
Nemelex Xobeh
Okawaru
Qazlal
Ru
Sif Muna
Uskayaw
Vehumet
Wu Jian
Xom
Yredelemnul
Zin
The Shining One

Shops:
D:1 *   D:3 *   D:6 (


Message History

The orc warrior shoots a bolt.
The bolt hits you!
You feel a surge of power!
The zap hits the orc warrior!
The orc warrior is moderately wounded.
The orc warrior shoots a bolt.
The bolt barely misses you.
You feel a surge of power!
The zap hits the orc warrior.
The orc warrior is heavily wounded.
The orc warrior shoots a bolt.
You reflect the bolt off an invisible shield around you!
The bolt closely misses the orc warrior.
You feel a surge of power!
The zap hits the orc warrior.
The orc warrior is heavily wounded.
You feel a surge of power!
The zap hits the orc warrior.
The orc warrior is heavily wounded.
The orc warrior shoots a bolt.
The bolt barely misses you.
You feel a surge of power!
The zap hits the orc warrior.
The orc warrior is heavily wounded.
You feel a surge of power!
The zap hits the orc warrior but does no damage.
The orc warrior is heavily wounded.
The orc warrior shoots a bolt.
The bolt hits you!!
You feel a surge of power!
The zap hits the orc warrior.
The orc warrior is severely wounded.
The orc warrior shoots a bolt.
The bolt hits you!
You are too injured to fight recklessly!
You are too injured to fight recklessly!
The fire dragon roars deafeningly!
The orc warrior shoots a bolt.
You reflect the bolt off an invisible shield around you!
The bolt barely misses the orc warrior.
As you read the scroll of teleportation, it crumbles to dust.
You feel strangely unstable. The fire dragon breathes flames at you.
The blast of flame hits you!
* * * LOW HITPOINT WARNING * * *
You feel better.
Unknown command.
The fire dragon breathes flames at you. The blast of flame hits you!!!
Ouch! That really hurt!
You die...

......§§.........#
#####.############ # .... #
♣..♣.♣ # # ♣.D ♣.♣ # .# c. ♣.♣ #
##. o ♣o♣ # ..# #.# # ..#
♣♣♣♣♣♣♣@♣♣♣♣♣♣♣ #.# ).#
♣......♣......♣ #.# ..#
♣.~...###...~.♣# #.# #.#
♣.....#.#.....♣#.♣♣♣.#.# ..#♣♣
♣.....#.#.....♣ ♣...♣#.# #.#♣.♣
♣.D...........♣#♣...♣#.#
#.#♣♣.♣♣#♣.###.....###.♣#.♣ ♣.#..
#...♣....[♣#....~....#♣...♣ ♣))..
..#.♣...#♣.###.....###.♣#.♣♣♣.#.#


You could see a fire dragon (catching breath) and an orc warrior.

Vanquished Creatures
  A centaur warrior (D:9)
  A wizard (D:9)
  An ugly thing (D:9)
  A kobold demonologist (D:9)
  A wraith (D:7)
  7 yaks
  2 steam dragons
  Edmund (D:5)
  2 water moccasins
  An acid dragon (D:9)
  7 orc warriors
  3 sky beasts
  A boggart (D:9)
  3 ogres
  6 centaurs
  A phantom (D:5)
  Blork the orc (D:4)
  3 kobold brigands
  4 bullfrogs
  A necrophage (D:7)
  2 scorpions
  6 wights
  10 killer bees
  An electric eel (D:9)
  A howler monkey (D:5)
  7 orc priests
  11 hounds
  4 jellies
  3 iguanas
  11 orc wizards
  Robin (D:4)
  10 adders
  10 gnolls
  A white imp (D:7)
  An ufetubus (D:7)
  2 dart slugs
  26 orcs
  5 endoplasms
  3 giant cockroaches
  13 goblins
  9 hobgoblins
  10 jackals
  4 quokkas
  3 training dummies (D:6)
  7 ball pythons
  8 bats
  4 frilled lizards
  15 kobolds
  8 rats
244 creatures vanquished.

Vanquished Creatures (others)
  A bush (D:9)
  A butterfly (D:9)
  46 plants (D:9)
48 creatures vanquished.

Grand Total: 292 creatures vanquished

Notes
Turn   | Place    | Note
-------+----------+-------------------------------------------
     0 | D:1      | themostdcss the Deep Elf Air Elementalist began the quest
                  | for the Orb.
     0 | D:1      | Reached XP level 1. HP: 10/10 MP: 6/6
   395 | D:1      | Reached XP level 2. HP: 15/15 MP: 6/8
   398 | D:1      | Learned a level 2 spell: Static Discharge
   568 | D:1      | Found Aponod's Assorted Antiques.
  1142 | D:2      | Reached XP level 3. HP: 13/19 MP: 3/10
  1578 | D:2      | Found an opulent altar of Gozag.
  1613 | D:2      | Reached skill level 4 in Spellcasting
  1829 | D:2      | Reached XP level 4. HP: 13/24 MP: 4/12
  1834 | D:2      | Learned a level 4 spell: Airstrike
  1838 | D:2      | Learned a level 3 spell: Swiftness
  2508 | D:3      | Identified the amulet of Agenuqo {RegenMP +Blink rElec
                  | Int-4}
  2780 | D:3      | Found an ancient bone altar of Kikubaaqudgha.
  2867 | D:3      | Found a blossoming altar of Fedhas.
  3046 | D:3      | Found Cedem Syjecw's General Store.
  3055 | D:3      | Bought a potion of heal wounds for 65 gold pieces
  3635 | D:4      | Reached XP level 5. HP: 18/28 MP: 8/14
  3772 | D:4      | Reached skill level 5 in Spellcasting
  3863 | D:4      | Noticed Blork the orc
  3866 | D:4      | Killed Blork the orc
  3867 | D:4      | Reached XP level 6. HP: 32/32 MP: 9/16
  4291 | D:4      | Identified the +1 ring mail "Zyoh" {rPois Int+7 Slay-2}
  4294 | D:4      | Reached skill level 5 in Air Magic
  4539 | D:4      | Noticed Robin
  4545 | D:4      | Killed Robin
  4571 | D:4      | Reached skill level 6 in Spellcasting
  5062 | D:5      | Entered Level 5 of the Dungeon
  5208 | D:5      | Reached XP level 7. HP: 31/36 MP: 11/18
  5502 | D:5      | Reached skill level 7 in Spellcasting
  5747 | D:5      | Reached skill level 8 in Spellcasting
  5941 | D:5      | Reached XP level 8. HP: 41/41 MP: 14/22
  6524 | D:5      | Reached skill level 9 in Spellcasting
  6705 | D:6      | Found a staircase to the Ecumenical Temple.
  6711 | Temple   | Entered the Ecumenical Temple
  6737 | Temple   | Became a worshipper of Vehumet
  6826 | D:6      | Found Yttuch's Firing Range.
  7471 | D:6      | Noticed Edmund
  7490 | D:5      | Killed Edmund
  7491 | D:5      | Reached skill level 10 in Spellcasting
  8051 | D:7      | Reached * piety under Vehumet
  8051 | D:7      | Offered knowledge of Sandblast by Vehumet.
  8056 | D:7      | Reached skill level 11 in Spellcasting
  8065 | D:7      | Reached XP level 9. HP: 46/46 MP: 11/26
  8221 | D:7      | Found a broken altar of Ashenzari.
  8415 | D:7      | Reached skill level 12 in Spellcasting
  8878 | D:7      | Reached skill level 13 in Spellcasting
  9210 | D:7      | Found a glowing golden altar of the Shining One.
  9259 | D:7      | Found a shimmering altar of Xom.
 10233 | D:8      | Reached skill level 5 in Conjurations
 10407 | D:8      | Found a staircase to the Lair.
 10450 | D:8      | Reached XP level 10. HP: 23/51 MP: 21/29
 10452 | D:8      | HP: 2/51 [/static electricity (3)]
 10924 | D:8      | Reached skill level 14 in Spellcasting
 11213 | D:8      | Found a stormy altar of Qazlal.
 11787 | D:9      | Offered knowledge of Poisonous Vapours by Vehumet.
 11805 | D:9      | Reached ** piety under Vehumet
 11953 | D:9      | Found a white marble altar of Elyvilon.
 12390 | D:9      | Noticed a wizard
 12395 | D:9      | Killed a wizard
 12409 | D:9      | HP: 2/51 [centaur (2)]
 12412 | D:9      | Reached skill level 15 in Spellcasting
 12412 | D:9      | Reached skill level 10 in Air Magic
 12997 | D:9      | Noticed a centaur warrior
 13002 | D:9      | Killed a centaur warrior
 13003 | D:9      | Reached skill level 16 in Spellcasting
 13090 | D:9      | Noticed a fire dragon
 13383 | D:9      | Noticed a red ugly thing
 13389 | D:9      | Killed a red ugly thing
 13390 | D:9      | Reached XP level 11. HP: 18/55 MP: 16/33
 13640 | D:9      | Found a shimmering altar of Xom.
 13640 | D:9      | Found a hide-covered altar of Uskayaw.
 13921 | D:9      | Killed from afar by a fire dragon

Illustrated notes

Levels and vault maps discovered:
D:1:      dpeg_arrival_brainrot, layout_rooms, serial_shops,
          nicolae_lakefront_shop, nicolae_figureground_sparkle
D:2:      layout_rooms, basic_altar, minmay_fountain_box
D:3:      layout_loops_corners, mainiacjoe_overflow_cross_hatched,
          lemuel_tele_altar, serial_shops, nicolae_square_shop
D:4:      layout_basic, kennysheep_generic_room_13, uniq_blork_the_orc,
          uniq_robin
D:5:      layout_gridville, grunt_tough_drop
D:6:      layout_cave_pods, minmay_temple_entry_hall, nicolae_shop_firing_range,
          uniq_edmund
D:7:      layout_rooms, mainiacjoe_overflow_alcove_1,
          ashenzari_conservatory_becter, hex_medium, minmay_ruined_shrine
D:8:      layout_loops_corners, overflow_temple_1_default, lair_entry_dummy,
          patterned_corridor
D:9:      nzn_winding_woodlands_cross [nzn_winding_woodlands_5x15_lazy_stream,
          nzn_winding_woodlands_5x15_crooked, nzn_winding_woodlands_5x15_zeroes,
          nzn_winding_woodlands_5x15_pockets,
          nzn_winding_woodlands_15x15_five_gardens], layout_loops_ring,
          nicolae_elyvilon_peaceful_grove, mainiacjoe_overflow_divided_tiny
Temple:   nicolae_temple_ecumenical_triangle

Skill      XL: |  1  2  3  4  5  6  7  8  9 10 |
---------------+-------------------------------+-----
Air Magic      | 4 5 6 8 10 | 10.0
Spellcasting   | 4 5 6 8 11 13 16 | 16.6
Conjurations   | 2 3 4 5 6 |  6.0
Dodging        | 4 |  4.2
Fighting       | |  0.7
Stealth        | |  2.4

Action                   |  1- 3 |  4- 6 |  7- 9 | 10-12 || total
-------------------------+-------+-------+-------+-------++-------
Melee: Staff             |       |       |    10 |     1 ||    11
       Punch             |       |       |     1 |       ||     1
 Cast: Shock             |    67 |   132 |   200 |   118 ||   517
       Static Discharge  |     8 |    11 |    37 |    43 ||    99
       Airstrike         |       |     1 |    26 |    14 ||    41
  Use: Scroll            |       |       |     7 |     3 ||    10
       Potion            |       |       |     1 |     5 ||     6
Armor: Robe              |     1 |     1 |     9 |       ||    11
       Ring mail         |       |       |     7 |    26 ||    33
Dodge: Dodged            |     8 |     6 |    36 |    39 ||    89
Block: Other             |       |       |    12 |     9 ||    21
       Reflection        |       |       |       |     5 ||     5
